 Dungeon Crawl Stone Soup version 0.17-a0-1442-g10bb59b (webtiles) character file.

166 HEYYEYAAE the Gusty (level 5, -2/37 HPs)
             Began as a Human Air Elementalist on June 27, 2015.
             Slain by a black bear (3 damage)
             ... on level 3 of the Dungeon.
             The game lasted 00:05:50 (2536 turns).

HEYYEYAAE the Gusty (Human Air Elementalist)        Turns: 2536, Time: 00:05:51

Health: -2/37      AC:  3    Str:  9    XL:     5   Next: 76%
Magic:  2/9        EV: 13    Int: 16    God:
Gold:   186        SH:  0    Dex: 13    Spells: 1 memorised, 9 levels left

rFire  . . .     SeeInvis .     k - +0 dagger
rCold  . . .     Clarity  .     a - +0 robe
rNeg   . . .     SustAt   .     (no shield)
rPois  .         Gourm    .     (no helmet)
rElec  .         Spirit   .     (no cloak)
rCorr  +         Warding  .     (no gloves)
rMut   .         Stasis   .     p - +0 pair of boots
MR     .....                    o - amulet of resist corrosion
Stlth  ++........               (no ring)
                                (no ring)

@: very slightly contaminated, not resistant to hostile enchantments, unstealthy
A: no striking features
a: no special abilities


You were on level 3 of the Dungeon.
You were not hungry.

You visited 1 branch of the dungeon, and saw 3 of its levels.

You collected 186 gold pieces.

Inventory:

Hand weapons
 k - a +0 dagger (weapon)
Armour
 a - a +0 robe (worn)
 p - a +0 pair of boots (worn)
 s - a +0 helmet
Jewellery
 o - an amulet of resist corrosion (around neck)
 q - an uncursed ring of teleportation
 t - an uncursed ring of ice
Magical devices
 e - a wand of polymorph (6)
 w - a wand of digging (11)
Scrolls
 g - a scroll of amnesia {unknown}
 l - a scroll of identify {unknown}
 m - a scroll of immolation {unknown}
 n - 2 scrolls of enchant armour {unknown}
 v - a scroll of remove curse
Potions
 f - a potion of degeneration {unknown}
 j - a potion of curing {unknown}
 r - a potion of cancellation {unknown}
Books
 b - a book of Air

   Spells                             Type                      Level
   a - Shock                          Conjuration/Air              1
   b - Swiftness                      Charms/Air                   2
   c - Repel Missiles                 Charms/Air                   2
   d - Static Discharge               Conjuration/Air              3
   e - Lightning Bolt                 Conjuration/Air              5
Comestibles
 c - 4 bread rations
 h - 4 meat rations


   Skills:
 + Level 1.6 Fighting
 + Level 1.8 Armour
 + Level 2.6 Dodging
 - Level 2.0 Stealth
 * Level 3.2 Spellcasting
 - Level 1.0 Conjurations
 * Level 4.0 Air Magic


You had 9 spell levels left.
You knew the following spells:

 Your Spells              Type           Power        Failure   Level  Hunger
a - Shock                 Conj/Air       ##..         10%         1    None


Dungeon Overview and Level Annotations

Branches:
Dungeon (3/15)

Altars:
Dithmenos


Message History

Unknown command.
Casting: Shock
Confirm with . or Enter, or press ? or * to list all spells.
Aiming: Shock
Press: ? - help, Shift-Dir - straight line, f/p - black bear
Aim: a black bear (almost dead, berserk, fast, unusually strong)
You miscast Shock.
You are momentarily dazzled by a flash of light!
The black bear bites you. The black bear claws you. The black bear claws you.
* * * LOW HITPOINT WARNING * * *
Unknown command.
Casting: Shock
Confirm with . or Enter, or press ? or * to list all spells.
Aiming: Shock
Press: ? - help, Shift-Dir - straight line, f/p - black bear
Aim: a black bear (almost dead, berserk, fast, unusually strong)
The zap misses the black bear.
The black bear bites you!
* * * LOW HITPOINT WARNING * * *
The black bear claws you.
You die...

##### ## ##...## ###.
##.....###.#.
#.......##.._
#.......##.#.
####.......##...
#..............[
#########..##......##...
..(...$@h)%!$...........
.......####.............
...#### #.........##.>.
# =.##...>......#
........##.#
............#.#.#....#
...............$ ......
#............#.. ##..##
#..............# ......


You could see a black bear (berserk).

Vanquished Creatures
  Natasha (D:2)
  Robin (D:2)
  3 adders
  4 oozes
  A worm (D:2)
  3 giant geckos
  3 orcs (D:3)
  3 giant cockroaches
  13 goblins
  9 hobgoblins
  7 jackals
  7 kobolds
  3 quokkas
  8 bats
  3 giant newts
  12 rats
81 creatures vanquished.

Notes
Turn   | Place    | Note
--------------------------------------------------------------
     0 | D:1      | HEYYEYAAE the Human Air Elementalist began the quest for the Orb.
     0 | D:1      | Reached XP level 1. HP: 13/13 MP: 3/3
   175 | D:1      | Reached XP level 2. HP: 17/19 MP: 3/5
   661 | D:1      | HP: 1/20 [ooze (4)]
   662 | D:1      | Reached XP level 3. HP: 1/25 MP: 2/6
   926 | D:1      | Reached skill level 1 in Fighting
  1254 | D:2      | Noticed Robin
  1325 | D:2      | Reached XP level 4. HP: 11/32 MP: 4/7
  1501 | D:2      | Reached skill level 1 in Armour
  1516 | D:2      | Killed Robin
  2005 | D:3      | Reached XP level 5. HP: 37/37 MP: 2/9
  2066 | D:3      | Found a shadowy altar of Dithmenos.
  2080 | D:3      | Noticed Natasha
  2110 | D:2      | Killed Natasha
  2464 | D:3      | Noticed a black bear
  2523 | D:3      | Reached skill level 4 in Air Magic
  2536 | D:3      | HP: 1/37 [black bear (10)]
  2536 | D:3      | Slain by a black bear

Vault maps used:
D:1:      minmay_arrival_plants_in_alcoves
D:2:      kennysheep_generic_room_2, uniq_robin
D:3:      lemuel_crystal_altar, first_bread, uniq_natasha

Action                   |  1- 3 |  4- 6 || total
-------------------------+-------+-------++-------
Melee: Unarmed           |    47 |     3 ||    50
       Dagger            |    33 |    49 ||    82
 Cast: Shock             |    57 |   111 ||   168
  Use: Potion            |     1 |     4 ||     5
       Scroll            |     1 |       ||     1
 Stab: Sleeping          |     2 |       ||     2
  Eat: Chunk             |     1 |     5 ||     6
